 Dungeon Crawl Stone Soup version 0.31.0-32-g396128a36d (webtiles) character file.

Game seed: 10740660268121257541

1019 AdnanSaban the Cudgeller (level 8, -1/48 HPs)
             Began as a Gargoyle Fighter on Apr 15, 2024.
             Was an Initiate of Okawaru.
             Slain by an orc
             ... wielding a +0 hand axe
              (2 damage)
             ... on level 6 of the Dungeon.
             The game lasted 00:08:43 (4864 turns).

AdnanSaban the Cudgeller (Gargoyle Fighter)         Turns: 4864, Time: 00:08:45

Health: -1/48      AC: 14    Str: 23    XL:     8   Next: 22%
Magic:  9/9        EV: 10    Int:  8    God:    Okawaru [......]
Gold:   298        SH:  0    Dex: 15    Spells: 7/7 levels left

rFire   . . .        a - +0 flail
rCold   . . .        c - +0 buckler
rNeg    + . .        b - +0 scale mail
rPois   ∞            q - +0 helmet
rElec   +            (no cloak)
rCorr   .            (no gloves)
SInv    .            (no boots)
Will    .....        v - amulet of the acrobat Stlth
                     h - +6 ring of dexterity
HPRegen 0.28/turn    (no ring)
MPRegen 0.11/turn

%: acrobat
@: confused
A: sickness immunity, AC +5, negative energy resistance 1, electricity
resistance, torment resistance 1, petrification resistance
a: Renounce Religion


You were on level 6 of the Dungeon.
You worshipped Okawaru.
Okawaru was noncommittal.
You visited 2 branches of the dungeon, and saw 7 of its levels.

You collected 298 gold pieces.

Inventory:

Hand Weapons
 a - a +0 flail (weapon)
Missiles
 e - 5 darts of dispersal
 k - 6 poisoned darts (quivered)
 u - 2 boomerangs
Armour
 b - a +0 scale mail (worn)
 c - a +0 buckler (worn)
 q - a +0 helmet (worn)
Jewellery
 h - a +6 ring of dexterity (left hand)
 v - an amulet of the acrobat (around neck)
Scrolls
 g - a scroll of enchant weapon {unknown}
 i - 4 scrolls of identify {unknown}
 j - 2 scrolls of revelation {unknown}
 l - a scroll of enchant armour {unknown}
 o - 2 scrolls of immolation {unknown}
 p - 2 scrolls of vulnerability {unknown}
 r - 2 scrolls of silence {unknown}
 s - 2 scrolls of teleportation {unknown}
 t - a scroll of acquirement {unknown}
 w - a scroll of noise {unknown}
 x - a scroll of fog {unknown}
 y - a scroll of fear {unknown}
Potions
 d - 3 potions of heal wounds {unknown}
 f - 3 potions of curing {unknown}
 m - a potion of attraction {unknown}
 n - 2 potions of mutation {unknown}
 z - 2 potions of degeneration {unknown}


   Skills:
 + Level 4.6 Fighting
 + Level 6.3 Maces & Flails
 + Level 0.2 Throwing
 + Level 5.8 Armour
 + Level 1.9 Dodging
 + Level 0.4 Stealth
 + Level 4.7 Shields
 * Level 1.3 Invocations


You had 7 spell levels left.
You didn't know any spells.
Your spell library contained the following spells:

 Spells                   Type           Power      Damage    Failure   Level
 Apportation              Tloc           0%         N/A       77%         1
 Necrotise                Necr           0%         1d4       77%         1
 Sting                    Conj/Alch      0%         1d3       77%         1
 Blink                    Tloc           0%         N/A       88%         2
 Ensorcelled Hibernation  Hex/Ice        0%         N/A       88%         2
 Lesser Beckoning         Tloc           0%         N/A       88%         2
 Mercury Vapours          Alch/Air       0%         N/A       88%         2
 Momentum Strike          Conj/Tloc      0%         3d8       88%         2
 Hailstorm                Conj/Ice       0%         3d5       98%         3
 Passwall                 Erth           0%         N/A       98%         3
 Swiftness                Air            0%         N/A       98%         3
 Olgreb's Toxic Radiance  Alch           0%         N/A       100%        4
 Summon Small Mammal      Summ           Unusable   N/A       N/A         1
 Call Imp                 Summ           Unusable   N/A       N/A         2
 Sublimation of Blood     Necr           Unusable   N/A       N/A         2
 Summon Ice Beast         Ice/Summ       Unusable   N/A       N/A         3
 Sculpt Simulacrum        Ice/Alch       Unusable   N/A       N/A         6
 Summon Hydra             Summ           Unusable   N/A       N/A         7

Dungeon Overview and Level Annotations

Branches:
Dungeon (6/15)             Temple (1/1) D:6

Altars:
Ashenzari
Cheibriados
Fedhas
Hepliaklqana
Kikubaaqudgha
Makhleb
Nemelex Xobeh
Okawaru
Qazlal
Ru
Sif Muna
Trog
Uskayaw
Vehumet
Wu Jian
Yredelemnul
Zin

Annotations:
D:5 2 runed translucent doors, po7itron's ghost, novice GnWn


Innate Abilities, Weirdness & Mutations

You are immune to sickness and miasma.
Your stone body is resilient. (AC +5)
You are immune to poison.
You resist negative energy. (rN+)
You are resistant to electric shocks. (rElec)
You are resistant to unholy torment.
You are immune to petrification.


Message History

The iguana bites you.
* * * LOW HITPOINT WARNING * * *
The orc hits you but does no damage.
There is a stone staircase leading up here.
Deactivating autopickup; reactivate with Ctrl-A.
You miss something.
You hear some strange, mumbled words.
A puff of flame appears from out of thin air!
The puff of flame misses you.
The puff of flame hits the orc!
The orc dies!
The orc closely misses you. The orc hits you but does no damage.
The iguana bites you.
* * * LOW HITPOINT WARNING * * *
The orc hits you but does no damage. Something hits you but does no damage.
You closely miss something.
You hear some strange, mumbled words.
You are more confused.
The orc barely misses you. The orc closely misses you.
The iguana barely misses you. The orc closely misses you.
Something hits you but does no damage.
You hit the iguana but do no damage.
You hear some strange, mumbled words.
A magic dart appears from out of thin air!
The magic dart hits you.
* * * LOW HITPOINT WARNING * * *
The orc hits you but does no damage. The orc barely misses you.
The iguana bites you but does no damage.
The orc closely misses you.
Something hits you but does no damage. x2
The orc barely misses you. x2; The iguana completely misses you.
You hear some strange, mumbled words.
A magic dart appears from out of thin air!
The magic dart hits you but does no damage.
You see here a +0 club.
You closely miss the orc. The orc barely misses you.
The orc hits you but does no damage.
The iguana bites you but does no damage.
You hear some strange, mumbled words.
You are more confused.
The orc hits you with a +0 hand axe.
You die...

...##..##.#..##..≈≈~≈ 8.#.
##.####.###..~~♣~ .#...
##..###..##..≈≈~≈
.....###....#........≈~≈
.......#................
.......................
.................)#..
#.l{...........###. ......
#.@o{.##..†##...##.
......##.oo..##...##..#.#.
.............#...................
........ #...##........>....#....
........##...###............#.###
.... #..#.#..###....##...##.#.. #
...####...#...#.....##...##.#..#
.....##.#.......###.).......#...
......##.....#..####.<...#.#.##.#


You could see an iguana and 3 orcs.

Vanquished Creatures
  Menkaure (D:4)
  Pargi (D:4)
  A black bear (D:4)
  A centaur (D:5)
  A bullfrog (D:6)
  A scorpion (D:5)
  A howler monkey (D:5)
  2 bombardier beetles
  A gnoll bouda (D:4)
  A hound (D:5)
  A jelly (D:6)
  Jessica (D:2)
  2 iguanas (D:5)
  Terence (D:3)
  4 gnolls
  10 adders
  2 white imps
  2 dart slugs
  2 ribbon worms
  11 orcs
  5 endoplasms
  5 hobgoblins
  2 jackals (D:1)
  A quokka (D:2)
  7 ball pythons
  7 bats
  4 frilled lizards
  9 goblins
  8 kobolds
  3 rats
98 creatures vanquished.

Vanquished Creatures (others)
  An orc (D:6)
1 creature vanquished.

Grand Total: 99 creatures vanquished

Notes
Turn   | Place    | Note
-------+----------+-------------------------------------------
     0 | D:1      | AdnanSaban the Gargoyle Fighter began the quest for the
                  | Orb.
     0 | D:1      | Reached XP level 1. HP: 14/14 MP: 1/1
    94 | D:1      | Found a faded altar of an unknown god.
   120 | D:1      | Reached XP level 2. HP: 9/19 MP: 2/2
   316 | D:1      | Reached XP level 3. HP: 23/23 MP: 3/3
   622 | D:1      | You fall into a shaft and drop 1 floor!
  1010 | D:2      | Reached skill level 3 in Maces & Flails
  1046 | D:2      | Reached XP level 4. HP: 28/28 MP: 4/4
  1088 | D:2      | Noticed Jessica
  1103 | D:2      | Killed Jessica
  1411 | D:3      | Found a basalt altar of Yredelemnul.
  1469 | D:3      | Noticed Terence
  1480 | D:3      | Killed Terence
  1481 | D:3      | Reached XP level 5. HP: 10/33 MP: 5/5
  2062 | D:3      | Found a stormy altar of Qazlal.
  2064 | D:3      | Noticed a fire elemental
  2066 | D:3      | Noticed an air elemental
  2066 | D:3      | Noticed a water elemental
  2303 | D:4      | Noticed a black bear
  2315 | D:4      | Killed a black bear
  2316 | D:4      | Reached skill level 4 in Maces & Flails
  2316 | D:4      | Reached XP level 6. HP: 26/38 MP: 6/6
  2503 | D:4      | Found an ornate altar of the Wu Jian Council.
  2728 | D:4      | Noticed Menkaure
  2741 | D:4      | Killed Menkaure
  2742 | D:4      | Reached skill level 1 in Dodging
  2799 | D:4      | Noticed Pargi
  2821 | D:4      | Killed Pargi
  2822 | D:4      | Reached skill level 5 in Maces & Flails
  2822 | D:4      | Reached skill level 5 in Armour
  2822 | D:4      | Reached XP level 7. HP: 32/43 MP: 7/7
  3278 | D:5      | Entered Level 5 of the Dungeon
  3420 | D:5      | Found a blossoming altar of Fedhas.
  3874 | D:5      | Found a large runed translucent door.
  3874 | D:5      | Found a large runed translucent door.
  3880 | D:5      | Noticed po7itron's ghost (novice GnWn)
  3990 | D:5      | Found a burning altar of Makhleb.
  4144 | D:5      | Reached skill level 6 in Maces & Flails
  4478 | D:6      | Found a staircase to the Ecumenical Temple.
  4485 | Temple   | Entered the Ecumenical Temple
  4494 | Temple   | Became a worshipper of Warmaster Okawaru
  4511 | D:6      | Reached XP level 8. HP: 42/48 MP: 8/8
  4790 | D:6      | Reached skill level 1 in Invocations
  4862 | D:6      | HP: 1/48 [something/magic dart (3)]
  4864 | D:6      | Slain by an orc

Illustrated notes

Levels and vault maps discovered:
D:1:      wander_arrival_lonely_grave, layout_basic,
          chequers_ecumenical_altar_simple
D:2:      minmay_door_path, layout_rooms, minmay_tetromino_l4, uniq_jessica
D:3:      layout_loops_ring, nicolae_qazlal_style_of_elements,
          mainiacjoe_overflow_paths, uniq_terence
D:4:      layout_basic, nicolae_wu_jian_wuxing_cycle, uniq_menkaure, uniq_pargi
D:5:      layout_cave_pods, mainiacjoe_overflow_cross_hatched,
          mainiacjoe_overflow_boulevard, ebering_ghost_disaster_area,
          chequers_garden, minmay_misc_feat_hallway
D:6:      layout_cave_pools, grunt_gozag_breadcrumbs, tso_altar,
          elyvilon_altar_3, minmay_temple_entry_stoned_glass, serial_shops,
          nicolae_shop_tiny_statue_garden
Temple:   nicolae_temple_no_exploring_needed

Skill      XL: |  1  2  3  4  5  6  7  8 |
---------------+-------------------------+-----
Maces & Flails | 3 4 5 6 |  6.3
Armour         | 4 5 |  5.8
Shields        | 4 |  4.7
Fighting       | 4 |  4.6
Dodging        | 1 |  1.9
Invocations    | 1 |  1.3
Throwing       | |  0.2
Stealth        | |  0.4

Action                     |  1- 3 |  4- 6 |  7- 9 || total
---------------------------+-------+-------+-------++-------
  Melee: Flail             |   112 |   170 |   136 ||   418
  Throw: Dart              |       |       |     6 ||     6
    Use: Potion            |       |     1 |       ||     1
 Armour: Scale mail        |    74 |   178 |   160 ||   412
  Dodge: Dodged            |    42 |   115 |    96 ||   253
  Block: Buckler           |    27 |    48 |    51 ||   126
